 Dungeon Crawl Stone Soup version 0.28.0-45-g0d030f2227 (webtiles) character file.

Game seed: 2030046645163368629

47 CalmDownMonkey the Chopper (level 3, -1/34 HPs)
             Began as a Minotaur Berserker on Apr 1, 2022.
             Was a Follower of Trog.
             Slain by an adder (3 damage)
             ... on level 2 of the Dungeon.
             The game lasted 00:12:35 (1408 turns).

CalmDownMonkey the Chopper (Minotaur Berserker)     Turns: 1408, Time: 00:12:35

Health: -1/34      AC:  9    Str: 23    XL:     3   Next: 48%
Magic:  2/2        EV: 10    Int:  4    God:    Trog [*.....]
Gold:   53         SH:  0    Dex:  9    Spells: 2/2 levels left

rFire   . . .      SeeInvis +   a - +0 hand axe
rCold   . . .      Faith    .   (no shield)
rNeg    . . .      Spirit   .   j - +3 scale mail
rPois   .          Reflect  .   (helmet restricted)
rElec   .          Harm     .   (no cloak)
rCorr   .          Rampage  .   (no gloves)
Will    .....                   (no boots)
Stlth   ..........              (no amulet)
HPRegen 0.11/turn               d - ring of see invisible
MPRegen 0.08/turn               (no ring)

@: on berserk cooldown, slowed, very slow
A: horns 2, retaliatory headbutt
a: Renounce Religion, Berserk


You were on level 2 of the Dungeon.
You worshipped Trog.
Trog was aware of your devotion.
You visited 1 branch of the dungeon, and saw 2 of its levels.

You collected 53 gold pieces.

Inventory:

Hand Weapons
 a - a +0 hand axe (weapon)
Missiles
 f - 28 stones (quivered)
Armour
 j - a +3 scale mail (worn)
Jewellery
 d - a ring of see invisible (left hand)
Scrolls
 b - a scroll of amnesia {unknown}
 e - a scroll of vulnerability {unknown}
 g - a scroll of noise {unknown}
 l - a scroll of identify {unknown}
Potions
 c - 2 potions of mutation {unknown}
 h - a potion of invisibility {unknown}
 i - a potion of degeneration {unknown}
 k - a potion of heal wounds {unknown}


   Skills:
 + Level 4.4 Fighting
 + Level 4.8 Axes
 - Level 2.5 Armour
 - Level 2.3 Dodging


You had 2 spell levels left.
You didn't know any spells.
Your spell library was empty.

Dungeon Overview and Level Annotations

Branches:
Dungeon (2/15)

Altars:


Innate Abilities, Weirdness & Mutations

You have a pair of horns on your head.
You reflexively headbutt those who attack you in melee.


Message History

Throw: 29 stones
Press: ? - help, Q - select action Shift-Dir - straight line, f/p - jackal
Aim: a jackal (lightly wounded, 47% to hit)
You throw a stone. The stone closely misses the jackal.
A red film seems to cover your vision as you go berserk!
You feel yourself moving faster!
You feel mighty! The jackal bites you.
* * * LOW HITPOINT WARNING * * *
Unknown command.
You slash the jackal!
You kill the jackal!
Trog accepts your kill.
A jackal comes into view.
The jackal barks!
You see here a jackal corpse.
A jackal and 2 adders come into view.
You feel a strong urge to attack something.
The jackal moves out of view.
You closely miss the jackal.
The jackal bites you but does no damage.
You see here a jackal corpse.
You closely miss the jackal. You headbutt the jackal.
You kill the jackal!
Trog accepts your kill.
You feel a strong urge to attack something.
You are no longer berserk.
You are exhausted.
You feel yourself slow down.
You hit the jackal.
You kill the jackal!
Trog accepts your kill.
You hit the adder.
The adder is heavily wounded.
A goblin comes into view. It is wielding a +0 club.
The adder bites you but does no damage. The adder bites you.
* * * LOW HITPOINT WARNING * * *
The goblin shouts!
You hit the adder but do no damage.
The adder is heavily wounded.
The adder bites you.
You die...

######### ........#
########### ........#
#.........# ........#
#.........#
........#########.........#
....(...SS@................
P.....g(#########..........
.......?# #..........
.....h... #..........
......... ##########.
#..S...... #. #).#...... #.
#..#....### #. ....


You could see 2 adders and a goblin.

Vanquished Creatures
  An adder (D:2)
  A worm (D:2)
  A dart slug (D:2)
  2 bats (D:1)
  3 endoplasms (D:1)
  A giant cockroach (D:1)
  4 goblins
  4 hobgoblins
  3 jackals (D:2)
  2 quokkas (D:2)
  2 ball pythons
  4 frilled lizards
  A kobold (D:2)
  2 rats
31 creatures vanquished.

Vanquished Creatures (others)
  A fungus (D:2)
  14 plants (D:2)
15 creatures vanquished.

Grand Total: 46 creatures vanquished

Notes
Turn   | Place    | Note
-------+----------+-------------------------------------------
     0 | D:1      | CalmDownMonkey the Minotaur Berserker began the quest for
                  | the Orb.
     0 | D:1      | Reached XP level 1. HP: 19/19 MP: 0/0
   286 | D:1      | Reached XP level 2. HP: 21/27 MP: 1/1
  1328 | D:2      | Reached XP level 3. HP: 30/33 MP: 2/2
  1407 | D:2      | HP: 1/34 [adder (3)]
  1408 | D:2      | Slain by an adder

Illustrated notes

Levels and vault maps discovered:
D:1:      lemuel_arrival_hallway, layout_basic, minmay_misc_feat_cross,
          minmay_pentomino_o2
D:2:      layout_basic, shapermc_ecumenical_altar_mp_ritualfount

Skill      XL: |  1  2 |
---------------+-------+-----
Axes           | 4 |  4.8
Fighting       | 4 |  4.4
Armour         | |  2.5
Dodging        | |  2.3

Action                   || total
-------------------------++-------
Melee: Hand axe          ||    69
       Headbutt          ||     8
       Punch             ||     1
Throw: Stone             ||     2
Invok: Berserk           ||     1
Armor: Animal skin       ||     1
       Ring mail         ||    11
       Scale mail        ||     6
Dodge: Dodged            ||    33
